 Dungeon Crawl Stone Soup version 0.16.2-12-gd0ad4c3 (webtiles) character file.

26 SlimeFever the Ruffian (level 3, -1/32 (33) HPs)
             Began as a Ghoul Monk on Nov 8, 2015.
             Slain by a hobgoblin
             ... wielding a +0 club
              (2 damage)
             ... on level 1 of the Dungeon.
             The game lasted 00:03:01 (442 turns).

SlimeFever the Ruffian (Ghoul Monk)                  Turns: 442, Time: 00:03:02

HP:   -1/32 (33)    AC:  2    Str: 14    XL:     3   Next: 8%
MP:   3/3           EV: 13    Int:  5    God:
Gold: 4             SH:  0    Dex: 12    Spells: 0 memorised, 2 levels left

rFire  . . .     SeeInvis .       - Unarmed
rCold  + . .     Clarity  .     a - +0 robe
rNeg   + + +     SustAb   .     (no shield)
rPois  ∞         Gourm    .     (no helmet)
rElec  .         Spirit   .     (no cloak)
rCorr  .         Warding  .     (no gloves)
rMut   .         Stasis   .     (no boots)
MR     .....                    (no amulet)
Stlth  ++........               (no ring)
                                (no ring)

@: rotting, not resistant to hostile enchantments, unstealthy
A: rotting body, claws 1, carnivore 3, cold resistance 1, negative energy
resistance 3, poison resistance, slow healing 1, torment resistance, unbreathing
a: no special abilities


You were on level 1 of the Dungeon.
You were not hungry.

You visited 1 branch of the dungeon, and saw 1 of its levels.

You collected 4 gold pieces.

Inventory:

Missiles
 d - 12 poisoned needles
 i - 13 bolts
 j - 17 sling bullets
Armour
 a - a +0 robe (worn)
Scrolls
 c - 4 scrolls of identify {unknown}
 e - a scroll of amnesia {unknown}
 g - 2 scrolls of teleportation {unknown}
 k - a scroll of remove curse {unknown}
 m - 2 scrolls of random uselessness {unknown}
 n - a scroll of enchant armour {unknown}
Potions
 b - a potion of haste {unknown}
 f - 2 potions of might {unknown}
 h - 2 potions of agility {unknown}
 l - 2 potions of heal wounds {unknown}
Comestibles
 o - a meat ration


   Skills:
 + Level 3.8 Fighting
 + Level 3.3 Dodging
 + Level 2.3 Stealth
 - Level 4.3 Unarmed Combat


You had 2 spell levels left.
You didn't know any spells.

Dungeon Overview and Level Annotations

Branches:
Dungeon (1/15)

Altars:


Innate Abilities, Weirdness & Mutations

Your body is rotting away.
You thrive on raw meat.
You have sharp fingernails.
You are carnivorous and can eat meat at any time.
Your flesh is cold resistant.
You are immune to negative energy.
Your system is resistant to poisons.
You heal slowly when monsters are visible.
You are immune to unholy pain and torment.
You can survive without breathing.


Message History

The gnoll misses you.
You scratch the gnoll.
The gnoll is almost dead.
The gnoll hits you with a flail!
You scratch the gnoll but do no damage.
The gnoll is almost dead.
You feel your flesh rotting away.
You scratch the gnoll.
You kill the gnoll!
You have reached level 3!
Your experience leads to an increase in your attributes!
Increase (S)trength, (I)ntelligence, or (D)exterity?
You feel agile.
You closely miss the hobgoblin. The hobgoblin closely misses you.
You closely miss the hobgoblin. The hobgoblin hits you with a club.
* * * LOW HITPOINT WARNING * * *
You barely miss the hobgoblin. The hobgoblin hits you with a club.
* * * LOW HITPOINT WARNING * * *
You closely miss the hobgoblin. The hobgoblin hits you with a club.
You die...

'...........†..#.#..........#.#
#####.......##...####'#.....#.#
......#####.###..# #.#######.#
###########.###..# #.# #.#
##............#..# #.# #.#
##.....####...##.# #.# ###.#
##.....# #...##.# ##'## #...#
.......# #...##.# #...####.###
.......# #)..##@# #...'....#
.......# #...##g# #...######
###'#### #...##.###....### #.#
#.(.##..##....... ###.#
#...##........# ....#
#...###.......# ##### #####
##......# ......#.# (..$..=.# #


You could see a hobgoblin.

Vanquished Creatures
  A gnoll (D:1)
  A giant gecko (D:1)
  3 bats (D:1)
  2 hobgoblins (D:1)
  A giant newt (D:1)
  4 goblins (D:1)
  3 kobolds (D:1)
15 creatures vanquished.

Notes
Turn   | Place    | Note
--------------------------------------------------------------
     0 | D:1      | SlimeFever, the Ghoul Monk, began the quest for the Orb.
     0 | D:1      | Reached XP level 1. HP: 19/19 MP: 1/1
    81 | D:1      | Reached XP level 2. HP: 15/25 MP: 2/2
   438 | D:1      | Reached XP level 3. HP: 11/32 MP: 3/3
   441 | D:1      | HP: 1/32 [hobgoblin/club (5)]
   442 | D:1      | Slain by a hobgoblin

Action                   || total
-------------------------++-------
Melee: Unarmed           ||    60
 Stab: Sleeping          ||     2
  Eat: Chunk             ||     3
